 Dungeon Crawl Stone Soup version 0.29-a0-243-g602b31c20e (webtiles) character file.

Game seed: 17876593946462051676

820 enile the Fighter (level 7, 0/105 HPs)
             Began as a Hill Orc Cinder Acolyte on Mar 5, 2022.
             Was an Elder of Ignis.
             Succumbed to a killer bee's poison
             ... on level 4 of the Dungeon.
             The game lasted 00:07:03 (5613 turns).

enile the Fighter (Hill Orc Cinder Acolyte)         Turns: 5613, Time: 00:07:03

Health: 0/105      AC: 20    Str: 19    XL:     7   Next: 95%
Magic:  8/8        EV:  5    Int: 14    God:    Ignis [****..]
Gold:   102        SH:  0    Dex:  6    Spells: 6/8 levels left

rFire   + . .      SeeInvis .   p - +4 falchion (protect)
rCold   . . .      Faith    .   (no shield)
rNeg    . . .      Spirit   .   h - +0 plate armour
rPois   .          Reflect  .   (no helmet)
rElec   .          Harm     .   (no cloak)
rCorr   +          Rampage  .   l - +1 pair of gloves
Will    .....                   (no boots)
Stlth   ..........              (no amulet)
HPRegen 0.27/turn               e - ring of resist corrosion
MPRegen 0.11/turn               (no ring)

@: berserking, lethally poisoned (0 -> -8), under a protective aura, attractive,
very quick
A: no striking features
a: Renounce Religion, Fiery Armour, Foxfire Swarm, Rising Flame


You were on level 4 of the Dungeon.
You worshipped Ignis.
Ignis was greatly pleased with you.
You visited 1 branch of the dungeon, and saw 5 of its levels.

You collected 102 gold pieces.

Inventory:

Hand Weapons
 a - a -1 hand axe of flaming
 i - a +0 war axe
 m - a +2 dire flail of holy wrath
 p - a +4 falchion of protection (weapon)
Armour
 b - a +0 robe
 g - a +0 ring mail
 h - a +0 plate armour (worn)
 l - a +1 pair of gloves (worn)
Jewellery
 e - a ring of resist corrosion (left hand)
Wands
 f - a wand of digging (7)
Scrolls
 c - 4 scrolls of identify
 d - a scroll of immolation
 o - 2 scrolls of blinking {unknown}
Potions
 k - a potion of degeneration {unknown}
 n - a potion of attraction
 q - a potion of mutation {unknown}


   Skills:
 - Level 9.0 Fighting
 + Level 7.0 Axes
 - Level 3.0 Armour
 - Level 1.0 Spellcasting
 - Level 3.2 Fire Magic


You had 6 spell levels left.
You knew the following spells:

 Your Spells              Type           Power      Damage    Failure   Level
a - Scorch                Fire           18%        2d6       98%         2

Your spell library contained the following spells:

 Spells                   Type           Power      Damage    Failure   Level


Dungeon Overview and Level Annotations

Branches:
Dungeon (5/15)
 Temple: D:4-7

Altars:
Fedhas
Makhleb
Ru
Sif Muna
Wu Jian
The Shining One


Message History

The killer bee stings you but does no damage.
The killer bee stings you.
* * * LOW HITPOINT WARNING * * *
You are more poisoned.
The killer bee poisons you!
It was a potion of attraction.
You feel attractive to monsters.
You feel very sick. The killer bee stings you.
* * * LOW HITPOINT WARNING * * *
The killer bee stings you.
* * * LOW HITPOINT WARNING * * *
You are more poisoned.
The killer bee poisons you!
It was a potion of berserk rage.
A red film seems to cover your vision as you go berserk!
You feel yourself moving faster!
You feel mighty!
* * * LOW HITPOINT WARNING * * *
You feel very sick. The killer bee closely misses you.
The killer bee stings you but does no damage.
You miss the killer bee.
* * * LOW HITPOINT WARNING * * *
You feel very sick.
The killer bee stings you but does no damage.
You slice the killer bee!!
Your weapon exudes an aura of protection.
You kill the killer bee!
* * * LOW HITPOINT WARNING * * *
You feel very sick.
The killer bee stings you but does no damage.
Your Axes skill increases to level 7!
You completely miss the killer bee.
Your surroundings suddenly seem different.
* * * LOW HITPOINT WARNING * * *
You feel very sick.
You are too berserk!
You are too berserk!
You are too berserk!
You die...

#......................
#......................
#..........###.........
#...##..#..###.........
#.....................#
#...##..#..##..........
####...##..#..####.......#
#.........................
##.#.....@................
#............)...)).#....#
##.#............).........
##.#.#.##....###.#........
#....#.##....###.#........
##.#...##.................
#.#.#.##.................
##.#.....................|
#........................<


There were no monsters in sight!

Vanquished Creatures
  Sigmund (D:2)
  2 black bears (D:4)
  A necrophage (D:4)
  A scorpion (D:2)
  A killer bee (D:4)
  A jelly (D:2)
  An iguana (D:4)
  An orc wizard (D:3)
  10 gnolls
  5 adders
  A dart slug (D:1)
  8 orcs
  6 bats
  5 endoplasms
  2 giant cockroaches
  6 goblins
  9 hobgoblins
  7 jackals
  4 quokkas
  3 ball pythons (D:1)
  3 frilled lizards (D:1)
  3 kobolds
  2 rats
83 creatures vanquished.

Vanquished Creatures (others)
  21 foxfires (D:2)
  A plant (D:2)
22 creatures vanquished.

Grand Total: 105 creatures vanquished

Notes
Turn   | Place    | Note
-------+----------+-------------------------------------------
     0 | D:1      | enile the Hill Orc Cinder Acolyte began the quest for the
                  | Orb.
     0 | D:1      | Reached XP level 1. HP: 19/19 MP: 2/2
    47 | D:1      | Reached skill level 4 in Fighting
    51 | D:1      | Reached XP level 2. HP: 6/27 MP: 3/3
   536 | D:1      | Learned a level 2 spell: Scorch
   706 | D:1      | Reached XP level 3. HP: 35/35 MP: 4/4
   714 | D:1      | Reached skill level 5 in Fighting
  1133 | D:2      | Reached XP level 4. HP: 22/44 MP: 2/5
  1296 | D:2      | Reached skill level 6 in Fighting
  1407 | D:2      | Noticed Sigmund
  1438 | D:2      | Killed Sigmund
  1439 | D:2      | Reached XP level 5. HP: 30/50 MP: 6/6
  1439 | D:2      | Reached XP level 6. HP: 34/57 MP: 7/7
  1725 | D:2      | Found a faded altar of an unknown god.
  2053 | D:2      | Found a sacrificial altar of Ru.
  3308 | D:3      | Reached skill level 7 in Fighting
  3642 | D:3      | Found a glowing golden altar of the Shining One.
  3862 | D:3      | Reached XP level 7. HP: 66/66 MP: 8/8
  4336 | D:4      | Reached skill level 8 in Fighting
  4697 | D:4      | Found an ornate altar of the Wu Jian Council.
  4765 | D:4      | Reached skill level 9 in Fighting
  4844 | D:4      | Found a blossoming altar of Fedhas.
  4844 | D:4      | Found a burning altar of Makhleb.
  4846 | D:4      | Found a shimmering blue altar of Sif Muna.
  5566 | D:5      | Entered Level 5 of the Dungeon
  5611 | D:4      | HP: 4/105 [poisoned by a killer bee]
  5612 | D:4      | HP: 1/105 [poisoned by a killer bee]
  5613 | D:4      | Succumbed to a killer bee's poison

Illustrated notes

Levels and vault maps discovered:
D:1:      lightli_arrival_boilingwater, layout_rooms
D:2:      layout_basic, basic_altar, chequers_ecumenical_altar_lobes,
          grunt_decor_arrowhead, uniq_sigmund
D:3:      layout_loops_ring, tso_metal_star
D:4:      layout_basic, chequers_temple_overflow_statue_of_worship,
          mainiacjoe_overflow_alcove_1
D:5:      layout_cave_pools, serial_bayou_lagoon_a, st_stairs_11

Skill      XL: |  1  2  3  4  5  6  7 |
---------------+----------------------+-----
Fighting       | 4 5 6 7 9 |  9.0
Axes           | 6 7 |  7.0
Armour         | 2 3 |  3.0
Spellcasting   | |  1.0
Fire Magic     | |  3.2

Action                   |  1- 3 |  4- 6 |  7- 9 || total
-------------------------+-------+-------+-------++-------
Melee: Hand axe          |    54 |    70 |       ||   124
       War axe           |       |    11 |    36 ||    47
       Punch             |       |     1 |       ||     1
       Falchion          |       |       |    48 ||    48
 Cast: Scorch            |     4 |    20 |       ||    24
Invok: Fiery Armour      |     1 |     1 |     1 ||     3
       Foxfire Swarm     |       |     1 |       ||     1
  Use: Scroll            |     1 |     1 |     1 ||     3
       Potion            |       |     3 |     2 ||     5
Armor: Robe              |    12 |       |       ||    12
       Ring mail         |     1 |    33 |       ||    34
       Skin              |       |    15 |       ||    15
       Plate armour      |       |     7 |    99 ||   106
Dodge: Dodged            |    48 |    51 |    50 ||   149

Table legend: (Time is in decaauts)
 A = Elapsed time spent in this place.
 B = Non-inter-level travel time spent in this place.
 C = Inter-level travel time spent in this place.
 D = Time resting spent in this place.
 E = Time spent auto-exploring this place.
 F = Levels seen in this place.
 G = Mean time per level.
                   A        B        C        D        E       F      G
               +--------+--------+--------+--------+--------+-----+--------+
         Total |   5646 |   5376 |    270 |    565 |   4014 |   5 | 1129.2 |
       Dungeon |   5646 |   5376 |    270 |    565 |   4014 |   5 | 1129.2 |
               +--------+--------+--------+--------+--------+-----+--------+

Top non-repeatable levels by time:
     D:2: 1974 daAuts
     D:4: 1313 daAuts
     D:3: 1237 daAuts
     D:1: 1090 daAuts
     D:5: 30 daAuts
